 Dungeon Crawl Stone Soup version 0.25-a0-566-g062765be81 (webtiles) character file.

Game seed: 3394581869331863130, levelgen mode: deterministic

86 MisterFreud the Changer (level 4, 0/28 HPs)
             Began as an Octopode Transmuter on Feb 27, 2020.
             Slain by Grinder (6 damage)
             ... on level 3 of the Dungeon.
             The game lasted 00:03:52 (3030 turns).

MisterFreud the Changer (Octopode Transmuter)       Turns: 3030, Time: 00:03:53

Health: 0/28       AC:  2    Str:  9    XL:     4   Next: 49%
Magic:  5/8        EV: 19    Int: 16    God:
Gold:   100        SH:  0    Dex: 17    Spells: 2/8 levels left

rFire    . . .     SeeInvis .     - Unarmed
rCold    . . .     Gourm    .   (shield currently unavailable)
rNeg     . . .     Faith    .   (helmet currently unavailable)
rPois    x         Spirit   .   (no amulet)
rElec    .         Reflect  .   (no ring)
rCorr    .         Harm     .   (no ring)
MR       .....                  (no ring)
Stlth    ++........             (no ring)
HPRegen  0.09/turn              (no ring)
MPRegen  0.11/turn              (no ring)
                                (no ring)
                                (no ring)

@: spider-form
A: tiny, almost no armour, stealthy swim, (amphibious), 8 rings, (constrict 8)
a: End Transformation


You were on level 3 of the Dungeon.
You were hungry.
You were a venomous arachnid creature.
You visited 1 branch of the dungeon, and saw 3 of its levels.

You collected 100 gold pieces.

Inventory:

Hand Weapons
 l - a +2 dagger of electrocution (melded)
Missiles
 a - 62 arrows
 d - 41 poisoned darts (quivered)
 e - 83 stones
 o - 19 bolts
Scrolls
 b - a scroll of blinking
 f - a scroll of magic mapping {unknown}
 h - a scroll of enchant weapon {unknown}
 i - a scroll of teleportation {unknown}
 j - a scroll of enchant armour {unknown}
 k - 3 scrolls of identify {unknown}
Potions
 g - a potion of magic {unknown}
 m - a potion of brilliance {unknown}
 n - a potion of lignification {unknown}
Comestibles
 c - 6 rations


   Skills:
 - Level 1.0 Fighting
 - Level 2.0 Dodging
 + Level 1.7 Stealth
 - Level 3.0 Unarmed Combat
 + Level 2.8 Spellcasting
 * Level 3.7 Transmutations


You had 2 spell levels left.
You knew the following spells:

 Your Spells              Type           Power        Failure   Level  Hunger
a - Beastly Appendage     Tmut           ##....       13%         1    #......
b - Sticks to Snakes      Tmut           ##......     17%         2    ##.....
c - Spider Form           Tmut/Pois      #.........   47%         3    ###....

Your spell library contained the following spells:

 Spells                   Type           Power        Failure   Level  Hunger
 Ice Form                 Ice/Tmut       #.......     83%         4    #####..
 Blade Hands              Tmut           ##........   89%         5    ######.


Dungeon Overview and Level Annotations

Branches:
Dungeon (3/15)

Altars:
Nemelex Xobeh
Wu Jian

Annotations:
D:3 Grinder


Innate Abilities, Weirdness & Mutations

You cannot wear most types of armour.
You are very stealthy in the water. (Stealth+)
((You are amphibious.))
You can wear up to eight rings at the same time.
((You can use your tentacles to constrict eight enemies at once.))
((Your skin changes colour to match your surroundings (Stealth+).))
((Your rubbery body absorbs attacks. (AC +1, EV +1)))


Message History

a +0 club; a hobgoblin corpse
Casting: Beastly Appendage (safe; 4% risk of failure)
Confirm with . or Enter, or press ? or * to list all spells.
You turn into a venomous arachnid creature.
Your +2 dagger of electrocution melds into your body.
Your +2 dagger of electrocution stops crackling.
Grinder gestures at you. Pain shoots through your body!
An orc comes into view.
It is wielding a +0 hand axe of electrocution.
You barely miss Grinder.
Grinder is moderately wounded.
Grinder completely misses you.
You barely miss Grinder.
Grinder is moderately wounded.
Grinder hits you!
You writhe in agony.
* * * LOW HITPOINT WARNING * * *
You hit Grinder but do no damage.
Grinder is poisoned.
Grinder is moderately wounded.
Grinder hits you.
You die...

.............##
...............
..............#
......o.......#
..............##
...............#
.......5......#
........s.....#
..............#
..............#
...............)<.#
..................#
..................#
..................#
..................#
..................#


You could see Grinder and an orc.

Vanquished Creatures
  Natasha (D:3)
  2 adders (D:2)
  A worm (D:2)
  2 leopard geckos (D:1)
  5 orcs
  3 bats
  5 giant cockroaches
  3 goblins (D:2)
  3 hobgoblins
  2 kobolds (D:2)
  4 frilled lizards
  3 rats
34 creatures vanquished.

Notes
Turn   | Place    | Note
-------+----------+-------------------------------------------
     0 | D:1      | MisterFreud the Octopode Transmuter began the quest for the
                  | Orb.
     0 | D:1      | Reached XP level 1. HP: 13/13 MP: 3/3
   667 | D:1      | Reached XP level 2. HP: 18/18 MP: 5/5
   797 | D:1      | Learned a level 2 spell: Sticks to Snakes
   948 | D:2      | Found an ornate altar of the Wu Jian Council.
  1392 | D:2      | Reached XP level 3. HP: 10/23 MP: 6/6
  1974 | D:3      | Noticed Natasha
  1981 | D:3      | Killed Natasha
  1981 | D:3      | Reached skill level 1 in Stealth
  1981 | D:3      | Reached XP level 4. HP: 8/28 MP: 6/8
  2276 | D:3      | Found a sparkling altar of Nemelex Xobeh.
  2310 | D:3      | Noticed Grinder
  3021 | D:2      | Learned a level 3 spell: Spider Form
  3030 | D:3      | Slain by Grinder

Levels and vault maps discovered:
D:1:      mainiacjoe_arrival_reflecting_pool, layout_loops_corners,
          serial_forest, infiniplex_forest_straight_4,
          infiniplex_forest_clump_large, infiniplex_forest_straight_3,
          infiniplex_forest_corner_2, infiniplex_forest_clump_double
D:2:      layout_basic, lemuel_doored_altar, nicolae_overflow_hidden_temple
D:3:      layout_basic, first_ration, nemelex_spade_bored_becter, uniq_grinder,
          uniq_natasha

Skill      XL: |  1  2  3 |
---------------+----------+-----
Transmutations | 3 |  3.7
Stealth        | 1 |  1.7
Fighting       | |  1.0
Dodging        | |  2.0
Unarmed Combat | |  3.0
Spellcasting   | |  2.8

Action                   |  1- 3 |  4- 6 || total
-------------------------+-------+-------++-------
Melee: Unarmed           |    31 |     3 ||    34
       Constrict         |    14 |    10 ||    24
       Tentacles         |     7 |     5 ||    12
       Kick              |     2 |       ||     2
       Dagger            |    13 |    36 ||    49
 Cast: Beastly Appendage |     3 |       ||     3
       Sticks to Snakes  |     1 |       ||     1
       Spider Form       |       |     1 ||     1
  Use: Scroll            |       |     2 ||     2
 Stab: Sleeping          |     6 |       ||     6
  Eat: Chunk             |     3 |     3 ||     6
Armor: Skin              |     4 |     2 ||     6
Dodge: Dodged            |    23 |    45 ||    68

Table legend:
 A = Non-vault XP
 B = Vault XP
 C = Vault XP percentage of total XP
 D = Non-vault monster count
 E = Vault monster count
 F = Vault count percentage of total count
                 A         B        C        D         E       F
            +---------+---------+-------+---------+---------+-------
      Total |      88 |      35 |  28.5 |      33 |       1 |   2.9
            +---------+---------+-------+---------+---------+-------
        D:1 |      17 |       0 |   0.0 |       8 |       0 |   0.0
        D:2 |      57 |       0 |   0.0 |      18 |       0 |   0.0
        D:3 |      14 |      35 |  71.4 |       7 |       1 |  12.5
            +---------+---------+-------+---------+---------+-------
